Map: Pillars of Gold LE

Players

ViBE - Winner!

  • Race: Protoss Protoss
  • League: Bronze
  • Spawn Location: 1:00

Connor

  • Race: Terran Terran
  • Spawn Location: 7:00

VOD

https://www.youtube.com/watch?v=VjhJ7E-kFgw&list=PLFeZeom2b4DnD3FIu7pzkXl51JX_WWz2h&index=2

Description

Time

  • Played on: March 10, 2021, 9:13 p.m.
  • Length: 16:45
Show
View Real Time Build Order
Export as new Build Order

ViBE Protoss - Winner!

Build Orders: 1 Gate Expand 

Get SALT Encoding   

  12  0:01  Probe  
  13  0:13  Probe  
  14  0:21  Pylon  
  14  0:25  Probe  
  15  0:39  Probe  
  15  0:40  Gateway  
  16  0:51  Probe  
  17  0:58  Assimilator  
  17  1:03  Probe  
  18  1:15  Probe  
  19  1:28  Probe  
  20  1:36  Nexus  
  20  1:43  Probe  
  21  1:47  Cybernetics Core  
  21  1:52  Assimilator  
  21  1:55  Probe  
  21  2:00  Pylon  
  22  2:07  Probe  
  23  2:19  Probe  
  24  2:27  Stalker  
  24  2:29  Warp Gate  
  26  2:32  Probe (Chrono Boost)  
  27  2:44  Probe (Chrono Boost)  
  28  2:50  Probe (Chrono Boost)  
  30  2:52  Probe (Chrono Boost)  
  30  2:58  Probe  
  30  3:00  Pylon  
  30  3:01  Probe  
  32  3:06  Stalker  
  32  3:10  Probe  
  35  3:13  Robotics Facility, Probe  
  35  3:15  Gateway  
  36  3:22  Probe  
  36  3:26  Probe  
  38  3:28  Pylon  
  38  3:39  Stalker  
  40  3:48  Probe x2  
  42  4:04  Probe x2  
  46  4:13  Observer  
  45  4:20  Probe  
  45  4:21  Probe  
  45  4:22  Stalker x2  
  51  4:35  Nexus  
  51  4:36  Pylon  
  51  4:38  Pylon  
  51  4:57  Stalker  
  51  4:58  Stalker  
  55  5:06  Pylon  
  55  5:11  Probe x2, Immortal  
  61  5:26  Probe  
  61  5:27  Probe  
  63  5:31  Assimilator  
  63  5:33  Assimilator  
  63  5:40  Stalker x2  
  67  5:47  Probe x2  
  67  5:49  Probe  
  70  5:59  Probe x2  
  72  6:11  Probe  
  72  6:12  Probe x2  
  75  6:20  Stalker x2  
  75  6:22  Immortal  
  75  6:23  Probe  
  75  6:24  Probe x2  
  86  6:30  Gateway  
  86  6:32  Gateway  
  86  6:33  Gateway  
  86  6:37  Gateway  
  86  6:40  Pylon  
  86  6:43  Pylon  
  86  6:44  Stalker  
  86  6:45  Stalker  
  90  6:48  Pylon  
  90  6:55  Pylon  
  90  6:57  Probe  
  90  6:58  Probe x2  
  90  6:59  Pylon  
  93  7:01  Immortal  
  97  7:08  Stalker  
  97  7:09  Stalker  
  97  7:10  Probe x2  
  97  7:11  Probe  
  104  7:30  Probe x3  
  107  7:37  Assimilator  
  107  7:38  Assimilator  
  107  7:56  Stalker  
  107  7:57  Stalker  
  111  7:58  Stalker  
  111  7:59  Stalker  
  111  8:01  Stalker x2  
  111  8:04  Immortal  
  123  8:14  Probe  
  123  8:15  Probe x2  
  126  8:22  Nexus, Pylon  
  126  8:26  Pylon, Probe  
  126  8:27  Probe x2  
  128  8:28  Pylon  
  129  8:41  Stalker x2  
  131  8:42  Stalker  
  131  8:43  Stalker x2  
  131  8:44  Stalker  
  131  8:46  Immortal (Chrono Boost)  
  145  8:54  Probe x3  
  148  8:58  Nexus  
  148  9:01  Pylon  
  148  9:04  Pylon  
  148  9:06  Probe x3  
  151  9:14  Twilight Council  
  151  9:17  Forge  
  151  9:18  Pylon  
  151  9:23  Pylon, Probe x2  
  154  9:24  Probe  
  154  9:26  Pylon  
  154  9:33  Assimilator  
  154  9:34  Assimilator  
  154  9:35  Probe  
  154  9:36  Probe x2  
  154  9:37  Probe  
  158  9:46  Stalker  
  158  9:47  Stalker  
  158  9:48  Stalker  
  158  9:49  Stalker  
  158  9:50  Stalker  
  168  9:52  Stalker  
  170  10:04  Probe  
  170  10:05  Probe  
  172  10:24  Stalker x2  
  172  10:25  Stalker  
  172  10:26  Stalker x2  
  172  10:27  Stalker  
  184  10:29  Immortal  
  188  10:56  Gateway  
  186  10:57  Gateway  
  186  10:59  Gateway  
  186  11:01  Gateway  
  186  11:04  Gateway  
  186  11:08  Gateway  
  186  11:10  Gateway  
  186  11:13  Stalker  
  186  11:14  Stalker  
  186  11:15  Gateway, Stalker  
  186  11:16  Stalker  
  186  11:17  Stalker  
  186  11:18  Gateway  
  196  11:19  Gateway, Stalker  
  196  11:24  Gateway  
  195  11:26  Gateway  
  195  11:28  Probe x3  
  195  11:29  Gateway  
  195  11:31  Nexus, Gateway  
  166  11:40  Nexus  
  136  11:49  Protoss Ground Weapons Level 1  
  136  11:52  Stalker  
  136  11:53  Stalker  
  136  11:54  Stalker  
  131  11:55  Stalker  
  131  11:56  Stalker  
  131  11:57  Stalker  
  131  11:58  Stalker  
  131  11:59  Stalker  
  131  12:00  Stalker  
  131  12:01  Stalker  
  144  12:02  Stalker  
  144  12:03  Stalker  
  144  12:04  Stalker  
  150  12:12  Nexus  
  150  12:17  Assimilator  
  150  12:19  Pylon, Probe  
  150  12:20  Probe x3  
  154  12:23  Pylon  
  154  12:28  Pylon  
  154  12:31  Pylon  
  154  12:35  Stalker  
  154  12:36  Stalker  
  158  12:37  Stalker  
  158  12:38  Stalker  
  158  12:39  Stalker  
  158  12:40  Stalker  
  158  12:42  Stalker  
  158  12:43  Stalker  
  158  12:44  Stalker  
  172  12:45  Stalker  
  172  12:46  Stalker  
  172  12:47  Stalker  
  178  12:52  Stalker  
  178  12:53  Stalker  
  178  12:54  Stalker  
  178  12:55  Stalker  
  178  12:56  Stalker  
  178  12:57  Stalker  
  178  12:58  Stalker  
  192  12:59  Stalker  
  192  13:00  Stalker  
  192  13:02  Stalker  
  192  13:03  Stalker  
  148  13:55  Assimilator  
  135  13:56  Assimilator  
  135  13:59  Stalker  
  135  14:00  Stalker  
  135  14:01  Stalker  
  123  14:03  Robotics Facility  
  123  14:04  Robotics Facility  
  123  14:09  Stalker x2  
  123  14:11  Stalker  
  123  14:12  Stalker  
  123  14:13  Stalker  
  123  14:14  Stalker  
  123  14:15  Stalker  
  123  14:16  Stalker  
  123  14:18  Stalker  
  123  14:19  Stalker  
  123  14:20  Stalker  
  123  14:21  Stalker  
  123  14:22  Stalker  
  123  14:24  Stalker  
  121  14:25  Stalker  
  121  14:26  Stalker  
  121  14:27  Stalker  
  121  14:28  Stalker  
  121  14:29  Stalker  
  121  14:30  Stalker  
  131  14:32  Stalker  
  131  14:33  Stalker  
  131  14:34  Stalker  
  131  14:35  Stalker  
  131  14:36  Stalker  
  131  14:37  Stalker  
  143  14:39  Immortal  
  143  14:41  Stalker  
  143  14:42  Stalker  
  143  14:43  Stalker  
  143  14:44  Stalker  
  143  14:45  Stalker  
  157  14:46  Stalker  
  157  14:47  Stalker  
  157  14:48  Stalker  
  157  14:49  Stalker  
  157  14:50  Stalker  
  157  14:51  Stalker  
  157  14:52  Stalker  
  171  14:53  Stalker  
  171  14:54  Stalker  
  171  14:55  Stalker  
  171  14:57  Stalker  
  171  14:58  Stalker  
  171  14:59  Stalker  
  183  15:00  Stalker  
  183  15:02  Immortal  
  189  15:07  Immortal  
  189  15:10  Stalker  
  183  15:47  Stalker  
  183  15:48  Stalker  
  183  15:49  Stalker  
  175  15:50  Stalker  
  175  15:51  Stalker  
  175  15:52  Stalker  
  149  16:19  Stalker x7  
  149  16:20  Stalker x13  
Show
View Real Time Build Order
Export as new Build Order

Connor Terran 

Build Orders: 2 Factory 

Get SALT Encoding   

  12  0:00  SCV  
  13  0:12  SCV  
  14  0:19  Supply Depot  
  14  0:24  SCV  
  15  0:40  SCV  
  16  0:43  Barracks  
  16  0:47  Refinery  
  16  0:52  SCV  
  17  1:05  SCV  
  18  1:17  SCV  
  19  1:30  Orbital Command  
  19  1:32  Marine  
  20  1:47  Refinery  
  20  1:55  Factory  
  20  2:10  SCV  
  21  2:22  SCV  
  22  2:34  SCV  
  23  2:45  Barracks Reactor  
  23  2:46  Supply Depot  
  23  2:49  Command Center  
  23  2:55  Factory  
  23  3:08  SCV  
  24  3:20  SCV  
  24  3:22  Bunker  
  24  3:25  Marine x2  
  27  3:32  SCV  
  28  3:41  Factory Tech Lab  
  28  3:42  Marine x2  
  28  3:44  SCV  
  28  3:45  Starport  
  31  3:56  SCV  
  31  4:00  Marine x2  
  34  4:08  SCV  
  35  4:15  Supply Depot  
  35  4:17  Orbital Command  
  35  4:18  Marine x2  
  35  4:20  SCV  
  35  4:22  Widow Mine  
  40  4:32  Starport Tech Lab  
  40  4:33  SCV  
  40  4:36  Marine x2  
  43  4:43  Siege Tank  
  43  4:44  SCV  
  43  4:45  SCV  
  48  4:54  Marine x2  
  48  4:56  SCV  
  48  4:57  SCV, Barracks  
  52  5:05  Viking  
  52  5:06  Barracks  
  54  5:08  SCV  
  55  5:15  SCV  
  55  5:21  SCV, Supply Depot  
  57  5:27  SCV  
  58  5:28  Marine x2  
  58  5:33  SCV  
  61  5:39  SCV  
  62  5:45  SCV  
  62  5:46  Marine x2  
  65  5:51  SCV  
  65  5:55  Engineering Bay  
  66  5:57  SCV  
  66  6:03  SCV  
  68  6:11  Factory Tech Lab  
  68  6:16  Stimpack  
  68  6:17  Combat Shield  
  68  6:20  Starport Reactor  
  68  6:21  Engineering Bay  
  68  6:22  SCV  
  68  6:23  SCV  
  70  6:28  Supply Depot  
  70  6:32  Marine x4  
  72  6:34  SCV  
  72  6:35  SCV  
  72  6:38  Terran Infantry Weapons Level 1  
  76  6:47  SCV x2  
  78  6:48  Command Center  
  78  6:50  Marine x4  
  82  6:59  SCV x2  
  82  7:00  Supply Depot  
  84  7:08  Marine x2  
  86  7:16  Marine x2  
  86  7:17  SCV x2  
  86  7:20  Supply Depot  
  86  7:22  Supply Depot x2  
  90  7:26  Marine x2  
  90  7:28  Siege Tank  
  90  7:29  SCV x2  
  97  7:34  Marine x2  
  99  7:41  Refinery, SCV x2  
  99  7:43  Marine x2  
  103  7:44  Refinery  
  103  7:45  Terran Infantry Armor Level 1  
  103  7:52  Marine, Armory  
  103  7:53  Armory, Marauder  
  103  7:56  Medivac  
  108  8:00  Siege Tank  
  108  8:01  Marine x2  
  108  8:02  SCV x2  
  108  8:03  Supply Depot  
  115  8:10  Marine  
  116  8:13  Marine  
  116  8:14  SCV x2  
  116  8:19  Marine x2  
  121  8:26  SCV x2  
  123  8:28  Marine  
  123  8:31  Marine  
  123  8:32  Siege Tank  
  128  8:37  Marine x2  
  128  8:38  SCV  
  128  8:39  SCV  
  132  8:45  Marine  
  132  8:46  Refinery  
  132  8:47  Refinery  
  133  8:49  Marine, Medivac  
  133  8:51  SCV x2  
  133  8:52  Supply Depot  
  133  8:55  Marine x2, Terran Infantry Weapons Level 2  
  140  8:57  Terran Vehicle Weapons Level 1  
  140  9:03  Marine, SCV x2  
  140  9:04  Siege Tank  
  140  9:07  Marine  
  140  9:08  Missile Turret  
  147  9:10  Missile Turret  
  147  9:12  Marine x2, Missile Turret  
  149  9:19  SCV x2  
  149  9:21  Marine  
  152  9:25  Marine  
  152  9:29  Missile Turret x2  
  152  9:30  Marine x2  
  155  9:31  SCV, Missile Turret  
  155  9:32  SCV, Missile Turret  
  155  9:33  Missile Turret  
  157  9:39  Supply Depot  
  157  9:40  Supply Depot  
  157  9:42  Marine x2, Siege Tank  
  157  9:43  SCV  
  157  9:44  SCV  
  164  10:00  Marine  
  164  10:03  SCV  
  164  10:04  SCV  
  164  10:06  SCV  
  168  10:14  Siege Tank  
  168  10:15  SCV  
  168  10:16  SCV  
  168  10:18  SCV  
  174  10:21  Marine  
  174  10:22  Marine x3  
  174  10:25  Medivac  
  174  10:27  Command Center  
  174  10:28  SCV  
  181  10:32  SCV x2, Medivac  
  181  10:33  Terran Infantry Armor Level 2  
  185  10:36  Terran Vehicle And Ship Armor Level 1  
  185  10:39  Marine x2  
  185  10:40  Marine x2, SCV  
  190  10:44  SCV x2  
  190  10:45  Starport  
  190  10:46  Siege Tank, Starport  
  190  10:47  Starport  
  195  10:52  SCV  
  195  10:56  SCV  
  197  11:09  Marine x2, SCV  
  197  11:23  Marine  
  197  11:28  Marine  
  197  11:30  Siege Tank  
  170  11:49  Marine x4  
  159  11:58  Medivac x2  
  158  12:02  Siege Tank, Starport Tech Lab  
  158  12:06  Marine  
  158  12:07  Marine x3  
  158  12:08  Starport Tech Lab  
  165  12:11  Starport Tech Lab  
  165  12:14  Fusion Core  
  165  12:24  Marine x3  
  165  12:25  Marine  
  165  12:28  Medivac x2  
  173  12:30  SCV  
  173  12:31  SCV x2  
  173  12:34  Siege Tank  
  179  12:40  Planetary Fortress  
  179  12:42  Marine x4, SCV  
  179  12:43  SCV x2  
  186  13:00  Marine x4  
  190  13:06  Siege Tank, Battlecruiser  
  199  13:18  Marine  
  158  14:04  Battlecruiser x2  
  158  14:09  Marine x3  
  160  14:10  Battlecruiser  
  155  14:47  Refinery  
  155  14:49  Command Center  
  155  14:50  Refinery  
  155  15:08  Battlecruiser x2  
  167  15:14  Battlecruiser  
  173  15:26  SCV x2  
  172  15:38  SCV x2  
  152  15:50  SCV x2  
  141  15:58  Thor  
  141  16:02  SCV x2  
  115  16:14  SCV x2  
Tags
 
Add a new tag
Caveats
  • Supply blocks, unpowered buildings, or Contaminate may cause inaccurate times.
  • Supply counts are checked every 10 seconds.